 Dungeon Crawl Stone Soup version 0.16-a0-331-g39fd2ee (webtiles) character file.

91 Afay the Shield-Bearer (level 4, 0/28 HPs)
             Began as a Gargoyle Fighter on Sept 8, 2014.
             Slain by Crazy Yiuf
             ... wielding a +3 quarterstaff of chaos
              (3 damage)
             ... on Level 2 of the Dungeon.
             The game lasted 00:03:48 (1257 turns).

Afay the Shield-Bearer (Gargoyle Fighter)           Turns: 1257, Time: 00:03:49

HP   0/28        AC 10     Str 21      XL: 4   Next: 59%
MP   4/4         EV  8     Int  8      God:
Gold 104         SH  9     Dex  9      Spells:  0 memorised,  3 levels left

rFire  . . .     SeeInvis .     l - +4 club
rCold  . . .     Clarity  .     n - +0 mottled dragon armour
rNeg   + . .     rCorr    .     c - +0 shield
rPois  +         rRot     +     (no helmet)
rElec  +         Spirit   .     (no cloak)
SustAb .         Warding  .     (no gloves)
rMut   .         Stasis   .     (no boots)
Gourm  .                        (no amulet)
MR     .....                    (no ring)
                                (no ring)

@: not resistant to hostile enchantments, very unstealthy
A: negative energy resistance 1, electricity resistance, unbreathing,
petrification resistance, rot immunity, AC +3
a: no special abilities


You were on level 2 of the Dungeon.
You were hungry.

You visited 1 branch of the dungeon, and saw 2 of its levels.

You collected 104 gold pieces.

Inventory:

Hand weapons
 l - a +4 club (weapon)
Armour
 c - a +0 shield (worn)
 n - a +0 mottled dragon armour (worn)
Comestibles
 d - 2 bread rations
 f - 5 fruits
 g - 2 meat rations
 q - a chunk of goblin flesh
Scrolls
 a - 2 scrolls of fear {unknown}
 b - a scroll of enchant armour {unknown}
 h - 4 scrolls of identify {unknown}
 i - a scroll of enchant weapon {unknown}
 j - a scroll of remove curse {unknown}
 k - a scroll of recharging {unknown}
 o - a scroll of fog {unknown}
 r - a scroll of immolation {unknown}
Potions
 e - a potion of might
 m - 2 potions of haste
 p - a potion of restore abilities {unknown}


   Skills:
 + Level 3.6 Fighting
 + Level 2.2 Maces & Flails
 * Level 4.1 Armour
 + Level 1.0 Dodging
 + Level 0.2 Stealth
 * Level 4.3 Shields


You had 3 spell levels left.
You didn't know any spells.

Dungeon Overview and Level Annotations

Branches:
Dungeon (2/15)

Altars:

Annotations:
D:2 Crazy Yiuf


Innate Abilities, Weirdness & Mutations

You are resistant to torment.
You are immune to poison.
Your stone body is very resilient (AC +3).
You resist negative energy.
You are resistant to electric shocks.
You can survive without breathing.
You are immune to petrification.
You are immune to rotting.


Message History

Crazy Yiuf burns you.
You closely miss Crazy Yiuf.
Crazy Yiuf is moderately wounded.
Crazy Yiuf hits you but does no damage.
You feel much better.
You are feeling hungry.
You closely miss Crazy Yiuf.
Crazy Yiuf is moderately wounded.
Crazy Yiuf says, "Lay cower sing!"
Crazy Yiuf hits you with a quarterstaff of chaos.
You block Crazy Yiuf's attack.
You thump Crazy Yiuf!
Crazy Yiuf is severely wounded.
You block Crazy Yiuf's attack.
Crazy Yiuf hits you with a quarterstaff of chaos!
You hit Crazy Yiuf.
Crazy Yiuf is almost dead.
Crazy Yiuf hits you with a quarterstaff of chaos!
* * * LOW HITPOINT WARNING * * *
Crazy Yiuf freezes you.
You die...

#.......................
#.#####..........##.####
#.# #############..# #.#
##.# #.# #.# # #.###♣♣
### #.# # #...#P♣ #..)#
#.### #....P♣♣♣♣♣.....#
#.##. ##.....@♣..♣ #....
##.#P.♣g♣♣♣ ###..
###♣♣♣♣♣ #.. #..
#############.
##.....#.....##
##.............#
#...............
#...............


You could see Crazy Yiuf.

Vanquished Creatures
  Jessica (D:2)
  3 adders (D:2)
  A worm (D:2)
  A giant gecko (D:2)
  An ooze (D:1)
  5 bats
  6 hobgoblins
  3 ball pythons
  A giant cockroach (D:2)
  5 giant newts
  6 goblins
  5 kobolds
  6 rats
  2 fungi (D:2)
46 creatures vanquished.

Notes
Turn   | Place    | Note
--------------------------------------------------------------
     0 | D:1      | Afay, the Gargoyle Fighter, began the quest for the Orb.
     0 | D:1      | Reached XP level 1. HP: 14/14 MP: 1/1
   102 | D:1      | Reached XP level 2. HP: 17/19 MP: 2/2
   660 | D:2      | Reached XP level 3. HP: 23/23 MP: 3/3
   677 | D:2      | Reached skill level 4 in Armour
   731 | D:2      | Noticed Jessica
   761 | D:2      | Killed Jessica
   865 | D:2      | Reached XP level 4. HP: 21/28 MP: 4/4
  1191 | D:2      | Reached skill level 1 in Dodging
  1247 | D:2      | Noticed Crazy Yiuf
  1257 | D:2      | Slain by Crazy Yiuf

Action                   |  1- 3 |  4- 6 || total
-------------------------+-------+-------++-------
Melee: Flail             |    23 |       ||    23
       Whip              |    98 |       ||    98
       Club              |     7 |    54 ||    61
  Eat: Chunk             |       |     1 ||     1
